AoeStats
← AiM | Fubuki Sinri

Arabia

510035450Analyzed
3v3 RM · 4d ago on Sep 29, 2026· 27m 31s· 6 players
Game mode
Random Map
Map size
Normal (6 player)
Population
200
Speed
Normal
Resources
Standard
Victory
Conquest
Starting age
Dark Age
Ending age
Imperial Age
RankedLock teamsTeams togetherTeam positionsShared explorationLock speedFull tech treeHidden civsTurbo modeCheats
Victory
Defeat
🇫🇮 Ethiopians · Finland
1874
+5
🇲🇽 Chinese · Mexico
1737
+9
🇲🇽 Franks · Mexico
1736
+8
🇨🇱 Ethiopians · Chile
1605
-8
🇦🇷 Magyars · Argentina
1563
-7
🇲🇽 Shu · Mexico
1555
-7
AiM | Fubuki Sinri
7:51 Loom
10:09 Feudal Age
12:29 Fletching
23:10 Double-Bit Axe
AIM | Agua cate 98
6:34 Loom
9:12 Feudal Age
16:52 Horse Collar
AiM | PoRRo
6:32 Loom
14:17 Feudal Age
15:01 Double-Bit Axe
16:22 Fletching
26:30 Castle Age
26:33 Crossbowman
27:12 Bodkin Arrow
[KT] QIN
6:36 Loom
9:26 Feudal Age
10:04 Double-Bit Axe
14:21 Forging
21:07 Castle Age
20:12 Gold Mining
21:55 Scale Barding Armor
22:26 Iron Casting
21:54 Husbandry
22:46 Gold Shaft Mining
22:35 Bow Saw
25:33 Chain Barding Armor
Estan_Jugando_?
0:28 Loom
Kingzito
6:44 Loom
9:01 Feudal Age
9:30 Double-Bit Axe
12:35 Fletching
21:00 Padded Archer Armor
23:46 Castle Age
25:03 Bodkin Arrow
24:29 Crossbowman
25:56 Bow Saw
25:27 Horse Collar
26:52 Leather Archer Armor
Connection lost

Rejoining the realm…

Still unreachable

The connection could not be restored.

Session expired

The server has moved on; the page needs a fresh start.